Map: Automaton LE

Players

JHAZZO

  • Race: Terran Terran
  • League: Gold
  • Spawn Location: 3:00

Somniferous - Winner!

  • Race: Zerg Zerg
  • League: Silver
  • Spawn Location: 9:00

VOD

Have the link to the VOD?

Description

Time

  • Played on: Feb. 28, 2019, 2:34 a.m.
  • Length: 22:18
Show
View Real Time Build Order
Export as new Build Order

JHAZZO Terran 

Build Orders:  

Get SALT Encoding   

  12  0:42  Command Center  
  12  0:47  SCV  
  13  0:59  SCV  
  14  1:11  SCV  
  15  1:27  Supply Depot  
  15  1:35  Refinery  
  15  1:39  Refinery  
  15  1:44  Supply Depot  
  15  1:48  SCV  
  16  1:59  Barracks  
  16  2:00  SCV  
  17  2:21  Barracks  
  17  2:24  SCV  
  17  2:29  SCV  
  19  2:36  SCV  
  20  2:42  Refinery  
  20  2:48  SCV  
  20  3:08  Barracks Reactor  
  20  3:10  Refinery  
  20  3:11  Refinery  
  20  3:17  Bunker  
  20  3:25  Barracks  
  20  3:31  Barracks Reactor  
  20  3:43  SCV  
  21  3:51  Marine x2  
  21  3:55  SCV  
  24  4:01  SCV  
  25  4:09  Marine  
  26  4:11  Marine  
  26  4:14  SCV  
  28  4:20  Marine x2  
  30  4:24  Barracks Tech Lab  
  30  4:38  Marine  
  30  4:39  Marine x3  
  30  4:41  SCV  
  30  4:43  SCV  
  36  5:01  SCV  
  36  5:04  Orbital Command  
  37  5:07  Combat Shield  
  37  5:11  Marine  
  37  5:13  SCV, Marine  
  40  5:20  Marauder  
  42  5:25  SCV  
  43  5:30  Engineering Bay  
  44  5:35  SCV  
  44  5:37  SCV  
  45  5:47  SCV  
  46  5:50  Supply Depot  
  46  5:53  Supply Depot  
  46  5:59  Orbital Command  
  46  6:12  SCV  
  46  6:14  Marauder  
  49  6:23  Terran Infantry Weapons Level 1  
  49  6:24  SCV  
  50  6:26  SCV  
  50  6:27  Stimpack  
  51  6:35  Marauder  
  51  6:38  Marine  
  51  6:39  Marine  
  55  6:42  SCV  
  55  6:46  SCV  
  57  6:54  SCV  
  58  6:56  Marauder  
  58  6:58  SCV  
  61  7:01  Command Center  
  61  7:06  SCV  
  62  7:12  Factory  
  62  7:31  Supply Depot  
  62  7:42  SCV, Marine x4  
  67  7:50  Engineering Bay  
  67  7:53  Engineering Bay  
  67  7:58  Armory  
  67  8:04  Starport  
  67  8:08  SCV  
  68  8:14  Factory Reactor  
  68  8:18  Terran Infantry Armor Level 1  
  68  8:20  SCV  
  68  8:24  SCV  
  70  8:27  Concussive Shells  
  70  8:32  SCV  
  71  8:36  SCV  
  72  8:44  Marauder  
  72  8:48  Marine x2  
  76  9:01  Factory Tech Lab  
  76  9:02  Starport, Medivac x2  
  78  9:06  Marauder, Marine  
  78  9:07  Terran Infantry Weapons Level 2  
  78  9:08  Hi-Sec Auto Tracking  
  83  9:27  Marauder  
  85  9:32  Medivac x2  
  85  9:36  Siege Tank  
  92  9:48  Marauder  
  92  9:50  Terran Vehicle Weapons Level 1  
  94  9:57  Starport Reactor  
  94  10:05  Sensor Tower, Neosteel Armor  
  94  10:08  Siege Tank  
  94  10:09  Missile Turret  
  94  10:13  Missile Turret  
  97  10:14  Command Center  
  97  10:17  Command Center  
  95  10:40  Siege Tank  
  98  10:45  Missile Turret  
  98  10:53  Marine  
  98  10:54  Marine x2  
  101  11:06  Missile Turret  
  101  11:23  Siege Tank  
  101  11:24  Marine x2  
  97  11:30  Marine  
  55  11:55  Siege Tank  
  58  12:15  Viking x3  
  58  12:16  Viking  
  66  12:25  Barracks  
  66  12:28  Siege Tank  
  69  12:30  Barracks  
  69  12:36  Barracks  
  69  12:38  Barracks  
  69  12:42  Planetary Fortress  
  69  12:45  Viking x3  
  69  12:46  Viking  
  77  13:15  Viking x4  
  84  13:28  Planetary Fortress  
  84  13:45  Viking x4  
  92  13:50  Terran Vehicle And Ship Armor Level 1  
  92  14:10  SCV  
  92  14:13  Barracks Reactor x3  
  92  14:14  Barracks Reactor  
  92  14:15  Viking x4  
  101  14:22  SCV  
  102  14:24  Missile Turret  
  102  14:29  Drilling Claws  
  102  14:32  Widow Mine  
  102  14:35  SCV  
  105  14:45  Missile Turret, Viking  
  107  14:47  SCV, Refinery  
  107  14:49  Refinery  
  108  14:53  Terran Infantry Armor Level 2  
  108  14:54  Ghost Academy  
  108  14:55  Missile Turret  
  108  15:01  Widow Mine, Viking x3  
  108  15:03  SCV  
  117  15:15  Missile Turret, Viking  
  119  15:22  Widow Mine  
  121  15:29  Ghost Academy  
  121  15:35  Missile Turret  
  105  15:44  Widow Mine  
  97  15:57  Missile Turret  
  97  16:00  Terran Ship Weapons Level 1  
  97  16:02  Terran Infantry Weapons Level 3  
  89  16:05  Widow Mine  
  89  16:07  SCV  
  89  16:09  SCV  
  93  16:19  SCV  
  93  16:21  SCV  
  95  16:31  SCV  
  96  16:33  SCV  
  96  16:34  Viking x4  
  105  16:41  Armory  
  105  16:43  SCV  
  105  16:45  SCV  
  107  16:55  Sensor Tower, SCV  
  107  16:57  SCV  
  109  17:04  Viking x3  
  103  17:39  Missile Turret  
  103  17:43  Missile Turret  
  103  17:47  Missile Turret  
  103  17:52  Missile Turret  
  103  17:54  Missile Turret  
  99  17:59  Thor  
  99  18:03  Terran Vehicle And Ship Armor Level 2  
  105  18:06  Terran Vehicle Weapons Level 2  
  101  18:30  Infernal Pre-Igniter  
  68  18:41  Thor  
  71  18:49  Marine  
  71  18:50  Marine x7  
  79  19:07  Marine  
  80  19:23  Marine x6  
  77  19:24  Thor  
  77  19:27  Marine  
  47  20:07  Thor  
  53  20:22  Orbital Command  
  53  20:41  Marine x4  
  57  20:50  Widow Mine  
  59  20:59  Missile Turret, SCV  
  59  21:03  SCV  
  61  21:11  SCV  
  62  21:16  Refinery  
  62  21:19  Refinery  
  62  21:21  Widow Mine  
  60  21:42  Widow Mine  
  60  21:44  Viking x2  
  60  21:45  Viking x2  
  70  21:47  Marine  
  70  21:48  Marine x7  
Show
View Real Time Build Order
Export as new Build Order

Somniferous Zerg - Winner!

Build Orders: Hatch First 

Get SALT Encoding   

  12  0:01  Drone  
  13  0:13  Overlord  
  13  0:18  Drone  
  14  0:33  Drone x2  
  16  1:01  Hatchery  
  16  1:03  Drone x2  
  16  1:04  Drone  
  18  1:19  Spawning Pool  
  18  1:32  Drone  
  18  1:33  Drone  
  19  1:40  Overlord  
  19  1:45  Extractor  
  18  1:53  Drone  
  19  2:08  Drone x2  
  19  2:13  Queen  
  23  2:22  Drone x2  
  25  2:38  Drone  
  25  2:39  Drone x2  
  25  2:43  Queen  
  30  2:58  Overlord  
  30  2:59  Drone x3  
  30  3:05  Spine Crawler  
  32  3:07  Lair  
  32  3:14  Drone  
  32  3:15  Drone, Overlord  
  34  3:21  Drone  
  35  3:29  Drone x2  
  37  3:45  Evolution Chamber  
  37  3:46  Drone  
  37  3:47  Drone  
  37  3:48  Drone x2, Overlord  
  40  3:49  Roach Warren  
  40  3:51  Drone  
  40  3:55  Extractor  
  39  3:57  Extractor  
  39  3:58  Queen  
  40  4:08  Drone x2  
  42  4:18  Evolution Chamber  
  41  4:27  Overlord  
  41  4:28  Drone  
  41  4:29  Drone  
  41  4:30  Drone  
  44  4:32  Roach  
  46  4:45  Drone x2  
  48  4:54  Roach x3  
  48  4:55  Overlord, Roach  
  56  5:09  Roach x2  
  56  5:10  Overlord x2  
  60  5:16  Drone  
  60  5:18  Roach  
  63  5:24  Zerg Missile Weapons Level 1  
  63  5:25  Glial Reconstitution  
  63  5:36  Roach x2  
  63  5:37  Roach x2  
  63  5:38  Roach  
  73  5:51  Roach  
  73  5:52  Hatchery, Roach x2  
  73  5:53  Roach x2  
  82  6:00  Overlord x2  
  82  6:20  Drone x5  
  87  6:26  Roach  
  87  6:27  Roach  
  91  6:36  Hydralisk Den  
  90  6:50  Roach x3  
  90  6:51  Roach  
  98  7:01  Overlord  
  98  7:02  Overlord x2  
  98  7:08  Drone  
  99  7:09  Drone x6  
  105  7:21  Drone  
  105  7:22  Drone x2, Extractor  
  107  7:26  Drone x2  
  107  7:28  Zerg Missile Weapons Level 2  
  107  7:29  Zerg Ground Armor Level 1  
  109  7:31  Muscular Augments  
  109  7:33  Drone  
  109  7:35  Drone x3  
  113  7:51  Drone  
  113  7:52  Drone x5  
  113  7:57  Extractor  
  118  8:00  Extractor  
  118  8:04  Drone x2  
  119  8:07  Drone  
  119  8:08  Overlord x3  
  119  8:11  Hatchery  
  119  8:24  Overseer  
  119  8:37  Roach x5  
  129  8:49  Hydralisk  
  129  8:50  Hydralisk x9  
  129  8:52  Overlord  
  149  9:15  Hydralisk x4  
  149  9:16  Hydralisk  
  159  9:31  Infestation Pit  
  158  9:42  Hydralisk  
  158  9:43  Hydralisk x3  
  158  9:44  Overlord x2  
  158  9:45  Overlord x3  
  166  9:48  Drone  
  166  9:49  Drone  
  168  9:58  Overseer  
  168  10:02  Queen  
  168  10:06  Spine Crawler x2  
  168  10:13  Spine Crawler  
  167  10:15  Spore Crawler  
  167  10:20  Spore Crawler  
  165  10:23  Hydralisk x15  
  191  10:55  Hydralisk x4  
  199  11:08  Overlord  
  175  11:31  Hydralisk  
  175  11:32  Hydralisk x11  
  109  11:58  Hydralisk  
  109  11:59  Hydralisk x7  
  117  12:05  Roach x2  
  117  12:06  Roach x2  
  125  12:19  Hive  
  125  12:33  Drone  
  125  12:34  Drone x5  
  125  12:35  Drone x3  
  134  12:37  Extractor  
  134  12:39  Extractor  
  134  12:40  Drone x4  
  136  12:48  Hydralisk x4  
  144  13:26  Hydralisk x2  
  144  13:27  Hydralisk x6  
  144  13:28  Hydralisk x5  
  144  13:29  Hydralisk  
  158  13:47  Hydralisk  
  160  13:49  Roach x2  
  160  13:50  Roach x8  
  160  13:51  Roach  
  160  13:54  Queen  
  184  14:03  Overlord x3  
  184  14:04  Overlord  
  184  14:20  Pneumatized Carapace  
  184  14:21  Queen  
  186  14:33  Overseer  
  186  14:58  Hydralisk x2  
  192  15:00  Hydralisk x2, Roach x3  
  200  15:23  Spore Crawler  
  159  15:45  Hydralisk x4  
  123  16:01  Hydralisk x5  
  123  16:02  Hydralisk x2  
  113  16:08  Hydralisk  
  113  16:09  Hydralisk x16  
  113  16:10  Hydralisk x8  
  163  16:14  Zergling x2  
  163  16:15  Zergling x26  
  177  16:18  Metabolic Boost  
  177  16:22  Zerg Missile Weapons Level 3  
  177  16:23  Zerg Melee Weapons Level 1  
  177  16:27  Grooved Spines  
  177  16:41  Overlord  
  177  16:43  Zergling x24  
  177  16:44  Zergling x4  
  191  16:52  Overlord  
  191  16:53  Overlord  
  191  16:59  Overlord  
  191  17:00  Overlord x2  
  191  17:01  Overlord  
  184  17:20  Overlord  
  184  17:26  Overseer  
  184  17:31  Overseer  
  184  17:40  Hydralisk x2  
  184  17:41  Hydralisk  
  169  18:20  Hydralisk  
  169  18:21  Hydralisk x5  
  169  18:22  Hydralisk x3  
  183  18:29  Zergling x2  
  183  18:30  Zergling x18  
  189  18:37  Overlord  
  189  18:38  Zergling x2  
  189  18:39  Zergling x4  
  192  18:48  Overseer x2  
  180  19:03  Hatchery  
  176  19:13  Zergling x2  
  176  19:14  Zergling x14  
  113  19:42  Hydralisk  
  113  19:43  Zergling x10  
  113  19:44  Zergling x10  
  97  19:59  Hydralisk x3  
  96  20:00  Hydralisk x2  
  104  20:30  Hydralisk  
  104  20:31  Hydralisk x13  
  132  20:37  Hydralisk x2  
  136  20:42  Hatchery  
  135  20:58  Hydralisk  
  135  20:59  Hydralisk x11  
  135  21:02  Overlord  
  135  21:03  Overlord  
  159  21:05  Zergling x2  
  159  21:07  Zergling x2  
  159  21:08  Zergling x2  
  162  21:14  Hydralisk  
  162  21:15  Hydralisk x9  
  182  21:19  Hatchery  
  171  21:46  Overseer  
Tags
 
Matchup
TvZ
Spawn Locations
Cross Positions
Add a new tag
Caveats
  • Supply blocks, unpowered buildings, or Contaminate may cause inaccurate times.
  • Supply counts are checked every 10 seconds.